 Seeded DCSS version 0.30-a0-358-g0d69a1922f (webtiles) character file.

Game seed: 3193311062075471422 (custom seed)

82 LutherGrant the Trooper (level 4, 0/23 (24) HPs)
             Began as a Vine Stalker Fighter on Nov 8, 2022.
             Shot with an arrow by a centaur (2 damage)
             ... on level 3 of the Dungeon.
             The game lasted 00:02:40 (1608 turns).

LutherGrant the Trooper (Vine Stalker Fighter)      Turns: 1608, Time: 00:02:41

HP:   0/23 (24)     AC:  8    Str: 19    XL:     4   Next: 43%
MP:   0/5           EV:  9    Int:  8    God:
Gold: 173           SH:  5    Dex: 15    Spells: 3/3 levels left

rFire   . . .      SeeInvis .    a - +0 long sword
rCold   . . .      Faith    .    c - +0 buckler
rNeg    . . .      Spirit   +    b - +0 scale mail
rPois   .          Reflect  .    (no helmet)
rElec   .          Harm     .    m - +1 cloak
rCorr   .          Rampage  .    (no gloves)
Will    .....                    (no boots)
Stlth   ..........               (no amulet)
HPRegen 1.03/turn                (no ring)
MPRegen 0.09/turn                (no ring)

@: mighty, lightly drained
A: fangs 2, regeneration 1, magic shield, antimagic bite, no potion heal 2
a: no special abilities


You were on level 3 of the Dungeon.
You visited 1 branch of the dungeon, and saw 3 of its levels.

You collected 173 gold pieces.

Inventory:

Hand Weapons
 a - a +0 long sword (weapon)
Missiles
 r - 3 boomerangs of dispersal (quivered)
Armour
 b - a +0 scale mail (worn)
 c - a +0 buckler (worn)
 m - a +1 cloak (worn)
Jewellery
 q - a ring of positive energy
Scrolls
 f - a scroll of noise {unknown}
 g - 2 scrolls of enchant weapon {unknown}
 i - a scroll of immolation {unknown}
 k - a scroll of blinking {unknown}
 l - 4 scrolls of identify {unknown}
 n - a scroll of magic mapping {unknown}
 o - a scroll of poison {unknown}
 p - a scroll of amnesia {unknown}
 u - a scroll of teleportation {unknown}
 v - a scroll of brand weapon {unknown}
Potions
 d - 2 potions of might
 e - a potion of curing {unknown}
 h - a potion of brilliance {unknown}
 j - a potion of mutation {unknown}
 s - a potion of experience {unknown}
 t - a potion of degeneration {unknown}


   Skills:
 + Level 3.1 Fighting
 * Level 2.6 Long Blades
 + Level 2.7 Armour
 * Level 1.2 Dodging
 + Level 3.0 Shields


You had 3 spell levels left.
You didn't know any spells.
Your spell library was empty.

Dungeon Overview and Level Annotations

Branches:
Dungeon (3/15)

Altars:

Shops:
D:1 *:![*   D:3 :


Innate Abilities, Weirdness & Mutations

You have extremely sharp teeth.
Your natural rate of healing is unusually fast.
When hurt, damage is shared between your health and your magic reserves.
Your bite disrupts and absorbs the magic of your enemies.
Potions cannot restore your health.


Message History

A kobold comes into view. It is wielding a +1 whip of draining.
The kobold shouts!
A kobold is nearby!
The kobold hits you but does no damage.
You feel drained.
You hit the kobold.
The kobold is severely wounded.
The kobold barely misses you. You block the kobold's attack.
You slash the kobold!
You kill the kobold!
No target in view!
No target in view!
No target in view!
No target in view!
No target in view!
No target in view!
No target in view!
No target in view!
No target in view!
No target in view!
Things that are here:
a +1 whip of draining; a kobold corpse A centaur comes into view.
The centaur shouts!
The centaur wields a +0 shortbow.
The centaur shoots an arrow.
The arrow hits you!
A centaur is nearby!
A centaur is nearby!
The centaur shoots an arrow.
The arrow hits you but does no damage.
The centaur shoots an arrow.
The arrow barely misses you.
You feel very mighty all of a sudden.
The centaur shoots an arrow.
The arrow hits you.
The centaur shoots an arrow.
The arrow hits you!
* * * LOW HITPOINT WARNING * * *
The centaur shoots an arrow.
The arrow closely misses you.
You are too injured to fight recklessly!
You are too injured to fight recklessly!
The centaur shoots an arrow.
The arrow hits you.
* * * LOW HITPOINT WARNING * * *
The centaur shoots an arrow.
The arrow hits you.
You die...

#)#.# #....# #.#.# #.#.# #.#.##
#.#.# #.#.############.#†#
#.#.# #.#.....∩........#.#
#.#.#
#.################.########.#.#
#.# #........#...#
#.#######################.##...
#.......##.......c.... #......
#.............@....... #.#....
#)#...#.##.########### #.#.###
#.#.#.#.##.# #+#....
#.#.#.#.##.# .....#
#.#.#.#.##.# .....+
#...#.#.##.# ......#
#####.#.##.# .....+ ..#.##.# #
###.#


You could see a centaur.

Vanquished Creatures
  3 adders
  A worm (D:2)
  A dart slug (D:3)
  An orc (D:3)
  5 ball pythons
  4 bats
  4 endoplasms
  5 giant cockroaches
  3 goblins
  5 jackals
  4 quokkas
  3 frilled lizards
  3 kobolds
  4 rats
46 creatures vanquished.

Notes
Turn   | Place    | Note
-------+----------+-------------------------------------------
     0 | D:1      | LutherGrant the Vine Stalker Fighter began the quest for
                  | the Orb.
     0 | D:1      | Reached XP level 1. HP: 11/11 MP: 2/2
    45 | D:1      | Found Fiom's General Store.
   210 | D:1      | Reached XP level 2. HP: 16/16 MP: 3/3
   249 | D:1      | Found Nucoasob's Distillery.
   287 | D:1      | Found Felaif's Armour Boutique.
   609 | D:1      | Found Wariotz's Book Shop.
   616 | D:1      | You fall into a shaft and drop 1 floor!
   653 | D:2      | Reached XP level 3. HP: 14/19 MP: 1/4
   720 | D:1      | Found Eprydgh's General Store.
  1202 | D:3      | Reached skill level 1 in Dodging
  1224 | D:3      | Gained mutation: Your natural rate of healing is unusually
                  | fast. [Vine Stalker growth]
  1224 | D:3      | Reached XP level 4. HP: 24/24 MP: 3/5
  1547 | D:3      | Found Mil Pio's Book Boutique.
  1603 | D:3      | Noticed a centaur
  1607 | D:3      | HP: 1/23 [centaur/arrow (5)]
  1608 | D:3      | Shot with an arrow by a centaur

Illustrated notes

Levels and vault maps discovered:
D:1:      minmay_arrival_loop, layout_loops_ring, serial_shops, shop_statue,
          shop, shop, nicolae_square_shop, shop, hangedman_decor_clover_reticule
D:2:      layout_basic
D:3:      layout_basic, serial_shops, shop, minmay_three_crescents

Skill      XL: |  1  2  3 |
---------------+----------+-----
Long Blades    | 2 |  2.6
Fighting       | 3 |  3.1
Shields        | 3 |  3.0
Dodging        | 1 |  1.2
Armour         | |  2.7

Action                   |  1- 3 |  4- 6 || total
-------------------------+-------+-------++-------
Melee: Long sword        |    85 |    22 ||   107
       Bite              |    19 |     2 ||    21
  Use: Potion            |       |     1 ||     1
Armor: Scale mail        |    48 |    11 ||    59
Dodge: Dodged            |    56 |    10 ||    66
Block: Buckler           |    29 |     2 ||    31

Table legend: (Time is in decaauts)
 A = Elapsed time spent in this place.
 B = Non-inter-level travel time spent in this place.
 C = Inter-level travel time spent in this place.
 D = Time resting spent in this place.
 E = Time spent auto-exploring this place.
 F = Levels seen in this place.
 G = Mean time per level.
                   A        B        C        D        E       F      G
               +--------+--------+--------+--------+--------+-----+--------+
         Total |   1644 |   1563 |     81 |      0 |   1235 |   3 |  548.0 |
       Dungeon |   1644 |   1563 |     81 |      0 |   1235 |   3 |  548.0 |
               +--------+--------+--------+--------+--------+-----+--------+

Top non-repeatable levels by time:
     D:1: 822 daAuts
     D:3: 438 daAuts
     D:2: 384 daAuts
